 Dungeon Crawl Stone Soup version 0.30.1-11-g7821555f0a (webtiles) character file.

Game seed: 14327481743725353364

4363 lonewolfV2 the Fighter (level 10, -2/127 HPs)
             Began as a Formicid Fighter on Nov 17, 2023.
             Was an Initiate of Qazlal.
             Slain by a yak (8 damage)
             ... on level 9 of the Dungeon.
             The game lasted 00:08:40 (9730 turns).

lonewolfV2 the Fighter (Formicid Fighter)           Turns: 9730, Time: 00:08:41

Health: -2/127     AC: 25    Str: 24    XL:     10   Next: 60%
Magic:  10/10      EV:  2    Int:  7    God:    Qazlal [......]
Gold:   522        SH:  7    Dex: 15    Spells: 9/9 levels left

rFire   . . .        i - +1 battleaxe
rCold   . . .        c - +1 buckler
rNeg    . . .        b - melded +0 scale mail
rPois   +            (helmet unavailable)
rElec   .            (cloak currently unavailable)
rCorr   .            (gloves currently unavailable)
SInv    .            m - melded +2 pair of boots "Jashaif" {SInv}
Will    +....        (no amulet)
Stlth   +            (no ring)
HPRegen 0.41/turn    (no ring)
MPRegen 0.12/turn

%: no passive effects
@: mighty, tree-form
A: stationary, stasis, torment immunity, boosted hp, permanent stasis, dig
shafts and tunnels, (antennae 3), four strong arms
a: Renounce Religion


You were on level 9 of the Dungeon.
You worshipped Qazlal.
Qazlal was noncommittal.
You were a tree.
You visited 2 branches of the dungeon, and saw 10 of its levels.

You collected 522 gold pieces.

Inventory:

Hand Weapons
 a - a +0 war axe
 i - a +1 battleaxe (weapon)
Missiles
 r - a throwing net
Armour
 b - a +0 scale mail (melded)
 c - a +1 buckler (worn)
 m - the +2 pair of boots "Jashaif" (melded) {SInv}
   (You found it on level 3 of the Dungeon)

   SInv:      It lets you see invisible.
Jewellery
 f - an amulet of magic regeneration
Wands
 j - a wand of mindburst (44)
 u - a wand of polymorph (7)
Scrolls
 h - 3 scrolls of poison
 n - a scroll of amnesia
 s - a scroll of enchant armour
Potions
 d - 2 potions of might
 e - 2 potions of cancellation {unknown}
 g - 5 potions of mutation
 l - 4 potions of lignification
 o - a potion of flight
 p - a potion of resistance
 q - a potion of haste {unknown}


   Skills:
 - Level 10.0 Fighting
 - Level 9.2 Axes
 + Level 7.6 Armour
 + Level 7.7 Shields


You had 9 spell levels left.
You didn't know any spells.
Your spell library contained the following spells:

 Spells                   Type           Power      Damage    Failure   Level
 Apportation              Tloc           0%         N/A       47%         1
 Necrotise                Necr           0%         1d4       47%         1
 Summon Small Mammal      Summ           0%         N/A       47%         1
 Teleport Other           Tloc           0%         N/A       85%         3
 Tukima's Dance           Hex            0%         N/A       85%         3
 Manifold Assault         Tloc           0%         N/A       99%         4
 Passage of Golubria      Tloc           0%         N/A       99%         4
 Yara's Violent Unravell  Hex/Tmut       0%         3d3       100%        5


Dungeon Overview and Level Annotations

Branches:
Dungeon (9/15)             Temple (1/1) D:4
   Lair: D:8-11         Orc: D:9-12

Altars:
Ashenzari
Cheibriados
Dithmenos
Elyvilon
Fedhas
Gozag
Hepliaklqana
Kikubaaqudgha
Makhleb
Nemelex Xobeh
Okawaru
Qazlal
Sif Muna
Uskayaw
Vehumet
Wu Jian
Xom
Zin
The Shining One

Shops:
D:2 (   D:6 =

Annotations:
D:6 exclusion: statue


Innate Abilities, Weirdness & Mutations

You are a tree.
Your roots penetrate the ground, keeping you stationary.
You cannot be teleported.
You are immune to unholy pain and torment.
Your maximum health is greatly increased.
Your equipment is partially melded.
You cannot be hasted, slowed, berserked, paralysed or teleported.
You can dig through walls and to a lower floor.
((You have a pair of large antennae on your head. (SInv)))
Your four strong arms can wield two-handed weapons with a shield.


Message History

The yak is heavily wounded.
The yak gores you!
You slice the yak!!
The yak is almost dead.
The yak gores you!
* * * LOW HITPOINT WARNING * * *
You block the yak's attack.
You closely miss the yak.
The yak is almost dead.
The yak gores you but does no damage.
You slash the yak!
You kill the yak!
Qazlal accepts your kill.
You slice the yak!!
The yak is severely wounded.
You block the yak's attack. The yak gores you!
* * * LOW HITPOINT WARNING * * *
You barely miss the yak.
The yak is severely wounded.
The yak gores you!
* * * LOW HITPOINT WARNING * * *
Really quaff the potion of lignification?
You turn into a tree.
The +2 pair of boots "Jashaif" {SInv} melds into your body.
Your +0 scale mail melds into your body.
Your roots penetrate the ground.
You block the yak's attack.
You feel very mighty all of a sudden. The yak gores you but does no damage.
You slice the yak!!
You kill the yak!
Qazlal accepts your kill.
You barely miss the yak. You block the yak's attack.
The yak gores you but does no damage.
You slash the yak!
The yak is moderately wounded.
You block the yak's attack.
You slash the yak!
The yak is heavily wounded.
The yak gores you!
You die...

##+####
#.....
#..Y. .Y.
#'#
#######.#
#..♣Y...#
#.#######
# #.# #
#.#
#.####
#.#
#.#..#
#.#
#.#..#
#.#
#.#..#
#.#
#.#..#
#.#
#.#..#


You could see a yak.

Vanquished Creatures
  Joseph (D:7)
  A troll (D:9)
  9 yaks (D:9)
  A steam dragon (D:8)
  Menkaure (D:6)
  A sky beast (D:7)
  3 black bears
  An ogre (D:5)
  5 centaurs
  A phantom (D:6)
  A kobold brigand (D:9)
  A gnoll sergeant (D:9)
  2 bullfrogs
  3 scorpions
  An electric eel (D:8)
  A howler monkey (D:7)
  2 jellies (D:6)
  2 orc priests (D:8)
  2 hounds
  3 gnoll boudas
  Crazy Yiuf (D:5)
  2 iguanas (D:6)
  An orc wizard (D:4)
  2 sleepcaps
  6 adders
  20 gnolls
  A shadow imp (D:7)
  5 white imps
  An ufetubus (D:6)
  A worm (D:3)
  3 dart slugs
  14 orcs
  4 bats (D:1)
  9 endoplasms
  5 giant cockroaches
  5 hobgoblins
  4 quokkas
  5 ball pythons
  A frilled lizard (D:3)
  10 goblins
  12 kobolds
  3 rats
157 creatures vanquished.

Notes
Turn   | Place    | Note
-------+----------+-------------------------------------------
     0 | D:1      | lonewolfV2 the Formicid Fighter began the quest for the
                  | Orb.
     0 | D:1      | Reached XP level 1. HP: 18/18 MP: 1/1
   162 | D:1      | Reached XP level 2. HP: 21/24 MP: 2/2
   331 | D:1      | Reached XP level 3. HP: 25/30 MP: 3/3
   549 | D:1      | Reached skill level 4 in Fighting
   776 | D:2      | Found a blossoming altar of Fedhas.
   950 | D:2      | Found Cerghado's Weapon Shoppe.
  1061 | D:2      | Reached XP level 4. HP: 35/37 MP: 4/4
  1566 | D:3      | Found a shimmering blue altar of Sif Muna.
  1694 | D:3      | Found a snail-covered altar of Cheibriados.
  1695 | D:3      | Found a shadowy altar of Dithmenos.
  1748 | D:3      | Found a broken altar of Ashenzari.
  1798 | D:3      | Identified the +2 pair of boots "Jashaif" {SInv}
  2097 | D:4      | Found a hide-covered altar of Uskayaw.
  2109 | D:4      | Reached XP level 5. HP: 43/43 MP: 5/5
  2161 | D:4      | Reached skill level 5 in Fighting
  2253 | D:4      | Noticed a black bear
  2258 | D:4      | Killed a black bear
  2259 | D:4      | Reached XP level 6. HP: 47/51 MP: 6/6
  2398 | D:4      | Noticed a black bear
  2409 | D:4      | Killed a black bear
  2410 | D:4      | Reached skill level 6 in Fighting
  2410 | D:4      | Reached skill level 5 in Axes
  2549 | D:4      | Found a staircase to the Ecumenical Temple.
  2563 | Temple   | Entered the Ecumenical Temple
  2833 | D:5      | Entered Level 5 of the Dungeon
  2838 | D:5      | Noticed an ogre
  2843 | D:5      | Killed an ogre
  2844 | D:5      | Reached XP level 7. HP: 59/59 MP: 7/7
  3175 | D:5      | Found a runed translucent door.
  3176 | D:5      | Noticed Crazy Yiuf
  3379 | D:5      | Reached skill level 7 in Fighting
  3802 | D:5      | Reached XP level 8. HP: 52/67 MP: 8/8
  4169 | D:5      | Killed Crazy Yiuf
  4551 | D:6      | Found a radiant altar of Vehumet.
  4773 | D:6      | Found Asuven's Jewellery Shop.
  4971 | D:6      | Noticed Menkaure
  4980 | D:6      | Killed Menkaure
  4981 | D:6      | Reached skill level 8 in Fighting
  5376 | D:7      | Found an ornate altar of the Wu Jian Council.
  5381 | D:7      | Noticed Joseph
  5401 | D:7      | Killed Joseph
  5402 | D:7      | Reached XP level 9. HP: 15/75 MP: 9/9
  5808 | D:7      | Reached skill level 9 in Fighting
  5820 | D:7      | Identified the +9 sling of Kaecas {speed, Str+4}
  5905 | D:7      | Noticed a green death
  5906 | D:7      | Found a burning altar of Makhleb.
  6373 | D:7      | Got the Codex of the Vector
  6623 | D:7      | Found a stormy altar of Qazlal.
  6657 | D:7      | Found a sparkling altar of Nemelex Xobeh.
  6719 | D:7      | Became a worshipper of Qazlal Stormbringer
  6747 | D:7      | Found a glowing silver altar of Zin.
  6748 | D:7      | Noticed an angel
  7000 | D:8      | Reached skill level 10 in Fighting
  8263 | D:9      | Reached skill level 5 in Armour
  8263 | D:9      | Reached XP level 10. HP: 64/85 MP: 10/10
  8271 | D:9      | Reached skill level 5 in Shields
  9724 | D:9      | HP: 2/85 [yak (8)]
  9730 | D:9      | Slain by a yak

Illustrated notes

Levels and vault maps discovered:
D:1:      matt_arrival_refuge, layout_loops_ring, st_stairs_11,
          kennysheep_crisscross
D:2:      layout_loops_ring, serial_shops, nicolae_shop_pleasant_corner_grove,
          basic_altar
D:3:      layout_rooms, cheibrodos_ashenzari_chains, lemuel_crystal_altar,
          jmf_multi_god_temple, dreamdust_princess_bridge
D:4:      layout_rooms, mainiacjoe_overflow_small_starburst,
          minmay_temple_entry_mini_moons, minivault_4, kennysheep_donut
D:5:      layout_basic, uniq_crazy_yiuf_cottage
D:6:      layout_basic, vehumet_statue, serial_shops, nicolae_shop_gaudy_bauble,
          uniq_menkaure
D:7:      layout_loops_ring, amcnicky_altar_gilded, mainiacjoe_overflow_catwalk,
          grunt_qazlal_clouds, grunt_temple_overflow_order_and_chaos_2,
          minivault_1, uniq_joseph
D:8:      layout_cave_pools, fungi_pond_lemuel, minmay_crossroads
D:9:      layout_basic, skrybe_limestone_x
Temple:   hellmonk_temple_beads

Skill      XL: |  1  2  3  4  5  6  7  8  9 10 |
---------------+-------------------------------+-----
Fighting       | 4 5 6 7 8 10 | 10.0
Axes           | 3 4 5 6 7 9 |  9.2
Armour         | 5 7 |  7.6
Shields        | 7 |  7.7

Action                     |  1- 3 |  4- 6 |  7- 9 | 10-12 || total
---------------------------+-------+-------+-------+-------++-------
  Melee: War axe           |    56 |   123 |    73 |       ||   252
         Battleaxe         |       |       |   160 |    97 ||   257
    Use: Scroll            |     7 |     5 |     5 |       ||    17
         Potion            |       |       |     4 |     7 ||    11
 Armour: Scale mail        |    27 |    67 |   141 |    42 ||   277
         Skin              |       |       |       |     2 ||     2
  Dodge: Dodged            |    28 |    79 |   139 |    51 ||   297
  Block: Buckler           |    12 |    31 |    85 |    52 ||   180
